Winnipeg Jets vs Vegas Golden Knights
Created - Wednesday, May 31, 2023 at 09:33
Goals
|
| Winnipeg Jets |
2 |
2 |
3 |
7 |
| Vegas Golden Knights |
1 |
1 |
2 |
4 |
|
Shots
|
| Winnipeg Jets |
9 |
12 |
8 |
29 |
| Vegas Golden Knights |
10 |
10 |
10 |
30 |
|
1st period
1. Winnipeg Jets , Ryan Nugent-Hopkins 27 (Connor McDavid 44) at 3:23
2. Winnipeg Jets , Mathew Barzal 12 (Lucas Raymond 4, Matty Beniers 20) at 14:44
3. Vegas Golden Knights , Anthony Cirelli 14 (Jaden Schwartz 28, Rickard Rakell 28) at 17:30
Penalties :
Andrew Cogliano (WPG) for Holding (Minor) at 10:13
2nd period
4. Winnipeg Jets , Andrew Cogliano 7 (Calen Addison 2, Barclay Goodrow 8) at 0:56
5. Vegas Golden Knights , Brian Dumoulin 2 (Anthony Cirelli 14, Jaden Schwartz 29) at 11:55
6. Winnipeg Jets , Nick Suzuki 19 (Mark Stone 25) at 15:30 (PP)
Penalties :
Casey DeSmith (VGK) for Slashing (Minor) at 14:56 - Colin White served the penalty
3rd period
7. Winnipeg Jets , Dante Fabbro 1 (Mathew Barzal 20, Lucas Raymond 5) at 0:57
8. Winnipeg Jets , Kevin Shattenkirk 4 (Lucas Raymond 6, Brandon Montour 16) at 5:28
9. Vegas Golden Knights , Victor Olofsson 8 (Artemi Panarin 51, Colin White 26) at 6:45 (PP)
10. Vegas Golden Knights , Tom Wilson 30 (Colin White 27, Philipp Grubauer) at 7:12 (PP)
11. Winnipeg Jets , Nick Suzuki 20 (Mark Stone 26) at 17:34 (PP)
Penalties :
Artemi Panarin (VGK) for Roughing (Minor) at 1:02, Dante Fabbro (WPG) for Hooking (Minor) at 5:35, Joe Pavelski (WPG) for Interference (Minor) at 6:58, Connor McDavid (WPG) for Holding (Minor) at 7:27, Andrew Peeke (VGK) for Holding Stick (Minor) at 11:22, Michael Rasmussen (VGK) for Hooking (Minor) at 17:27, Brandon Montour (WPG) for Hooking (Minor) at 19:03
Goalie Stats
Chris Driedger (WPG), 26 saves from 30 shots - (0.867), W, 3-0-0, 60:00 minutes
Philipp Grubauer (VGK), 5 saves from 7 shots - (0.714), 19:03 minutes
Casey DeSmith (VGK), 17 saves from 22 shots - (0.773), L, 14-17-5, 40:57 minutes
Players Stats for Winnipeg Jets
Player Name G A P +/- PIM S H SB GA TA FO MP PP MP PK MP
------------------------------------------------------------------------------------
Andrew Cogliano 1 0 1 1 2 2 2 0 0 0 0/1 8:42 0:00 2:18
Barclay Goodrow 0 1 1 1 0 2 0 0 1 0 2/2 9:47 0:00 3:22
Brandon Montour 0 1 1 -1 2 0 0 2 0 1 0/0 23:01 2:45 2:41
Calen Addison 0 1 1 2 0 1 1 0 0 0 0/0 17:47 0:00 3:08
Connor McDavid 0 1 1 1 2 3 1 0 0 0 6/19 19:01 2:21 0:00
Dante Fabbro 1 0 1 2 2 1 0 1 0 2 0/0 19:33 1:54 0:27
Eeli Tolvanen 0 0 0 1 0 1 0 0 1 0 0/0 7:37 0:00 0:46
Joe Pavelski 0 0 0 1 2 0 1 2 1 0 1/3 18:35 2:21 0:00
John Klingberg 0 0 0 2 0 1 0 0 0 0 0/0 19:14 2:45 0:00
Kevin Shattenkirk 1 0 1 -1 0 1 1 3 0 2 0/0 22:28 1:54 3:10
Lucas Raymond 0 3 3 2 0 5 1 0 0 0 0/0 13:45 0:00 0:44
Mark Borowiecki 0 0 0 2 0 0 2 0 0 1 0/0 17:55 0:00 3:10
Mark Stone 0 2 2 -1 0 2 1 0 0 1 0/1 18:23 2:18 2:43
Mathew Barzal 1 1 2 2 0 4 1 0 1 1 0/0 12:35 0:00 0:00
Matty Beniers 0 1 1 2 0 0 1 0 0 0 3/8 12:35 0:00 0:00
Nick Suzuki 2 0 2 -1 0 4 1 0 0 0 9/17 18:23 2:18 2:43
Ryan Nugent-Hopkins 1 0 1 1 0 1 1 0 0 1 1/3 18:36 2:21 0:00
Tyler Toffoli 0 0 0 -1 0 1 2 2 0 0 1/3 15:40 2:18 0:00
Players Stats for Vegas Golden Knights
Player Name G A P +/- PIM S H SB GA TA FO MP PP MP PK MP
------------------------------------------------------------------------------------
Andreas Johnsson 0 0 0 -1 0 1 1 0 1 0 0/0 11:04 2:49 0:00
Andrew Peeke 0 0 0 -2 2 1 2 0 0 0 0/0 16:49 0:00 1:57
Anthony Cirelli 1 1 2 2 0 1 2 0 0 0 9/12 14:24 0:00 1:11
Artemi Panarin 0 1 1 -1 2 2 1 1 1 0 1/3 20:54 3:29 0:00
Brian Dumoulin 1 0 1 0 0 1 1 0 0 1 0/0 23:50 0:00 1:18
Colin White 0 2 2 -1 0 3 3 0 0 0 5/9 11:27 3:29 0:00
Jaden Schwartz 0 2 2 2 0 4 3 1 0 0 2/2 17:08 4:01 0:00
John Marino 0 0 0 0 0 1 1 1 0 0 0/0 25:52 2:17 0:52
Jordan Staal 0 0 0 -1 0 1 2 0 1 2 16/26 20:40 0:00 2:36
Marc Staal 0 0 0 -2 0 1 1 4 0 1 0/0 18:07 0:00 3:09
Marc-Edouard Vlasic 0 0 0 -1 0 0 0 1 0 0 0/0 12:36 0:00 1:30
Michael Rasmussen 0 0 0 -3 2 0 2 0 0 0 0/0 11:57 0:00 1:07
P.K. Subban 0 0 0 -1 0 0 0 1 0 0 0/0 16:01 4:01 0:32
Rickard Rakell 0 1 1 2 0 2 1 0 1 0 0/1 15:34 2:49 0:00
Tom Wilson 1 0 1 -1 0 8 1 0 0 0 0/0 23:04 3:29 2:33
Victor Olofsson 1 0 1 -1 0 2 0 0 2 0 0/1 10:36 2:17 0:00
Vladislav Namestnikov 0 0 0 -3 0 1 1 0 2 0 1/3 13:42 2:49 0:55
Zach Parise 0 0 0 -3 0 1 2 1 1 0 0/0 11:33 0:00 0:56
3 Stars
1 - Lucas Raymond (WPG)
2 - Mathew Barzal (WPG)
3 - Nick Suzuki (WPG)
Power Play
Winnipeg Jets - 2 on 4 Attempt(s) - 50.00%
Vegas Golden Knights - 2 on 5 Attempt(s) - 40.00%
Penalty Kill
Winnipeg Jets - 3 on 5 Attempt(s) - 60.00%
- Score 0 goal in Penalty Kill
Vegas Golden Knights - 2 on 4 Attempt(s) - 50.00%
- Score 0 goal in Penalty Kill
Team Stat
Winnipeg Jets - Hits : 16 - Faceoff Wins : 23 - Blocked Shots : 10 - Penalty Minutes : 10
Vegas Golden Knights - Hits : 24 - Faceoff Wins : 34 - Blocked Shots : 10 - Penalty Minutes : 8
Official
Referees : Brad Meier and Brad Watson
Linesman : Trent Knorr and Derek Amell
Game Notes
Philipp Grubauer enters game at 0:57 of 3rd period
Finance
Level 1 -- Attendance: 6000 (100.00%) -- Ticket Income $570,000
Level 2 -- Attendance: 4241 (84.82%) -- Ticket Income $233,255
Level 3 -- Attendance: 2801 (93.37%) -- Ticket Income $84,030
Level 4 -- Attendance: 4348 (86.96%) -- Ticket Income $86,960
Luxury Box -- Attendance: 881 (88.10%) -- Ticket Income $167,390
Game was played at the T-Mobile Arena.
Total Attendance: 18271 (91.36%)
Total Ticket Income: $1,141,635
Other Income: $399,572
Total Income: $1,541,207
Winnipeg Jets
5 vs 5 Forward
Center Left Wing Right Wing Time % Phy DF OF
1 Connor McDavid Ryan Nugent-Hopkins Joe Pavelski 35 1 2 2
2 Nick Suzuki Tyler Toffoli Mark Stone 30 1 2 2
3 Matty Beniers Mathew Barzal Lucas Raymond 25 1 2 2
4 Barclay Goodrow Andrew Cogliano Eeli Tolvanen 10 1 2 2
5 vs 5 Defense
Defense Defense Time % Phy DF OF
1 Brandon Montour Kevin Shattenkirk 35 1 2 2
2 John Klingberg Dante Fabbro 35 1 2 2
3 Calen Addison Mark Borowiecki 30 1 2 2
4 Brandon Montour Dante Fabbro 0 1 2 2
PowerPlay Forward
Center Left Wing Right Wing Time % Phy DF OF
1 Connor McDavid Ryan Nugent-Hopkins Joe Pavelski 50 1 2 2
2 Nick Suzuki Tyler Toffoli Mark Stone 50 1 2 2
PowerPlay Defense
Defense Defense Time % Phy DF OF
1 Brandon Montour John Klingberg 50 1 2 2
2 Dante Fabbro Kevin Shattenkirk 50 1 2 2
Penalty Kill 4 Players Forward
Center Wing Time % Phy DF OF
1 Barclay Goodrow Andrew Cogliano 50 1 2 2
2 Nick Suzuki Mark Stone 50 1 2 2
Penalty Kill 4 Players Defense
Defense Defense Time % Phy DF OF
1 Mark Borowiecki Kevin Shattenkirk 50 1 2 2
2 Brandon Montour Calen Addison 50 1 2 2
Penalty Kill - 3 Players Forward
Forward Time % Phy DF OF
1 Barclay Goodrow 50 1 2 2
2 Ryan Nugent-Hopkins 50 1 2 2
Penalty Kill - 3 Players Defense
Defense Defense Time % Phy DF OF
1 Mark Borowiecki Kevin Shattenkirk 50 1 2 2
2 Dante Fabbro John Klingberg 50 1 2 2
4 vs 4 Forward
Center Wing Time % Phy DF OF
1 Connor McDavid Ryan Nugent-Hopkins 50 1 2 2
2 Joe Pavelski Nick Suzuki 50 1 2 2
4 vs 4 Defense
Defense Defense Time % Phy DF OF
1 Calen Addison John Klingberg 50 1 2 2
2 Brandon Montour Mark Borowiecki 50 1 2 2
Last Minutes Offensive
Center Left Wing Right Wing Defense Defense
Connor McDavid Tyler Toffoli Joe Pavelski Brandon Montour Kevin Shattenkirk
Last Minutes Defensive
Center Left Wing Right Wing Defense Defense
Barclay Goodrow Andrew Cogliano Mark Stone Kevin Shattenkirk Mark Borowiecki
Goaltenders
Starting : Chris Driedger
Backup : Jake Allen
Extra Forwards
Normal : Mathew Barzal, Lucas Raymond, Matty Beniers - PP : Mathew Barzal, Matty Beniers - PK : Eeli Tolvanen
Extra Defensemen
Normal : John Klingberg, Dante Fabbro, Mark Borowiecki - PP : Calen Addison - PK : Dante Fabbro, Calen Addison
Penalty Shots
Connor McDavid, Ryan Nugent-Hopkins, Joe Pavelski, Nick Suzuki, Mark Stone
Vegas Golden Knights
5 vs 5 Forward
Center Left Wing Right Wing Time % Phy DF OF
1 Jordan Staal Artemi Panarin Tom Wilson 40 1 2 2
2 Anthony Cirelli Jaden Schwartz Rickard Rakell 30 1 2 2
3 Vladislav Namestnikov Zach Parise Michael Rasmussen 20 1 2 2
4 Colin White Andreas Johnsson Victor Olofsson 10 1 2 2
5 vs 5 Defense
Defense Defense Time % Phy DF OF
1 Brian Dumoulin John Marino 40 1 2 2
2 Marc Staal Andrew Peeke 30 1 2 2
3 Marc-Edouard Vlasic P.K. Subban 20 1 2 2
4 Brian Dumoulin John Marino 10 1 2 2
PowerPlay Forward
Center Left Wing Right Wing Time % Phy DF OF
1 Colin White Artemi Panarin Tom Wilson 60 1 2 2
2 Vladislav Namestnikov Andreas Johnsson Rickard Rakell 40 1 2 2
PowerPlay Defense
Defense Defense Time % Phy DF OF
1 Jaden Schwartz P.K. Subban 60 1 2 2
2 Victor Olofsson John Marino 40 1 2 2
Penalty Kill 4 Players Forward
Center Wing Time % Phy DF OF
1 Jordan Staal Tom Wilson 60 1 2 2
2 Anthony Cirelli Zach Parise 40 1 2 2
Penalty Kill 4 Players Defense
Defense Defense Time % Phy DF OF
1 Marc Staal Andrew Peeke 60 1 2 2
2 Marc-Edouard Vlasic Brian Dumoulin 40 1 2 2
Penalty Kill - 3 Players Forward
Forward Time % Phy DF OF
1 Anthony Cirelli 60 1 2 2
2 Zach Parise 40 1 2 2
Penalty Kill - 3 Players Defense
Defense Defense Time % Phy DF OF
1 Marc Staal Andrew Peeke 60 1 2 2
2 Marc-Edouard Vlasic Brian Dumoulin 40 1 2 2
4 vs 4 Forward
Center Wing Time % Phy DF OF
1 Jordan Staal Artemi Panarin 60 1 2 2
2 Anthony Cirelli Tom Wilson 40 1 2 2
4 vs 4 Defense
Defense Defense Time % Phy DF OF
1 Marc Staal Andrew Peeke 60 1 2 2
2 Brian Dumoulin John Marino 40 1 2 2
Last Minutes Offensive
Center Left Wing Right Wing Defense Defense
Jordan Staal Artemi Panarin Tom Wilson Brian Dumoulin John Marino
Last Minutes Defensive
Center Left Wing Right Wing Defense Defense
Jordan Staal Zach Parise Tom Wilson Brian Dumoulin Andrew Peeke
Goaltenders
Starting : Casey DeSmith
Backup : Philipp Grubauer
Extra Forwards
Normal : Rickard Rakell, Artemi Panarin, Jordan Staal - PP : Anthony Cirelli, Zach Parise - PK : Vladislav Namestnikov
Extra Defensemen
Normal : Marc Staal, John Marino, Brian Dumoulin - PP : Marc Staal - PK : John Marino, P.K. Subban
Penalty Shots
Artemi Panarin, Rickard Rakell, Andreas Johnsson, Anthony Cirelli, Victor Olofsson
% Time on Ice - Winnipeg Jets
Lines # - Real PCT - Wanted PCT - Time Play
Normal Forward
1 - 33% - 35% - 16:15
2 - 28% - 30% - 13:48
3 - 26% - 25% - 12:35
4 - 13% - 10% - 6:25
Normal Defense
1 - 35% - 35% - 17:20
2 - 35% - 35% - 17:12
3 - 29% - 30% - 14:00
4 - 1% - 0% - 0:31
PP Forward
1 - 51% - 50% - 2:21
2 - 49% - 50% - 2:18
PP Defense
1 - 59% - 50% - 2:45
2 - 41% - 50% - 1:54
PK Forward
1 - 56% - 50% - 3:31
2 - 44% - 50% - 2:47
PK Defense
1 - 50% - 50% - 3:10
2 - 50% - 50% - 3:08
PK3 Forward
1 - 0% - 50%
2 - 0% - 50%
PK3 Defense
1 - 0% - 50%
2 - 0% - 50%
44 Forward
1 - 0% - 50%
2 - 0% - 50%
44 Defense
1 - 0% - 50%
2 - 0% - 50%
Last Minute Offensive - 0:00
Last Minute Defensive - 0:00
Total
Forward - 60:00
Defense - 60:00
|
% Time on Ice - Vegas Golden Knights
Lines # - Real PCT - Wanted PCT - Time Play
Normal Forward
1 - 36% - 40% - 17:27
2 - 26% - 30% - 12:48
3 - 22% - 20% - 10:37
4 - 17% - 10% - 8:11
Normal Defense
1 - 40% - 40% - 19:42
2 - 27% - 30% - 13:17
3 - 23% - 20% - 11:06
4 - 10% - 10% - 4:58
PP Forward
1 - 55% - 60% - 3:29
2 - 45% - 40% - 2:49
PP Defense
1 - 64% - 60% - 4:01
2 - 36% - 40% - 2:17
PK Forward
1 - 80% - 60% - 3:43
2 - 20% - 40% - 0:56
PK Defense
1 - 72% - 60% - 3:21
2 - 28% - 40% - 1:18
PK3 Forward
1 - 0% - 60%
2 - 0% - 40%
PK3 Defense
1 - 0% - 60%
2 - 0% - 40%
44 Forward
1 - 0% - 60%
2 - 0% - 40%
44 Defense
1 - 0% - 60%
2 - 0% - 40%
Last Minute Offensive - 0:00
Last Minute Defensive - 0:00
Total
Forward - 60:00
Defense - 60:00
|
Play-by-Play
1st period
0:01 of 1st period - Joe Pavelski wins face-off versus Jordan Staal in neutral zone.
2:39 of 1st period - Slapshot by Colin White.
2:39 of 1st period - Stopped by Chris Driedger without a rebound.
2:40 of 1st period - Jordan Staal wins face-off versus Connor McDavid in Winnipeg Jets zone.
2:51 of 1st period - Wrist shot by Tom Wilson.
2:51 of 1st period - Stopped by Chris Driedger without a rebound.
2:52 of 1st period - Tyler Toffoli wins face-off versus Jordan Staal in Winnipeg Jets zone.
3:09 of 1st period - Icing by Andrew Peeke.
3:10 of 1st period - Jordan Staal wins face-off versus Connor McDavid in Vegas Golden Knights zone.
3:23 of 1st period - Snap shot by Ryan Nugent-Hopkins.
3:23 of 1st period - Goal by Ryan Nugent-Hopkins - Winnipeg Jets : 1 - Vegas Golden Knights : 0.
3:24 of 1st period - Anthony Cirelli wins face-off versus Matty Beniers in neutral zone.
3:51 of 1st period - Joe Pavelski is hit by Zach Parise and loses puck.
3:58 of 1st period - Slapshot by Mark Borowiecki.
3:58 of 1st period - Shot Misses the Net.
4:00 of 1st period - Slapshot by Mark Borowiecki.
4:00 of 1st period - Shot Blocked by Zach Parise.
4:02 of 1st period - Slapshot by Connor McDavid.
4:02 of 1st period - Stopped by Casey DeSmith with a rebound.
4:36 of 1st period - Snap shot by Victor Olofsson.
4:36 of 1st period - Shot Misses the Net.
6:30 of 1st period - Wrist shot by Lucas Raymond.
6:30 of 1st period - Stopped by Casey DeSmith without a rebound.
6:31 of 1st period - Jordan Staal wins face-off versus Connor McDavid in Vegas Golden Knights zone.
6:40 of 1st period - John Marino is hit by Ryan Nugent-Hopkins and loses puck.
7:00 of 1st period - Wrist shot by Anthony Cirelli.
7:00 of 1st period - Shot Blocked by Tyler Toffoli.
7:04 of 1st period - Snap shot by Jaden Schwartz.
7:04 of 1st period - Stopped by Chris Driedger with a rebound.
7:06 of 1st period - Snap shot by Jaden Schwartz.
7:06 of 1st period - Shot Misses the Net.
7:08 of 1st period - Snap shot by Jaden Schwartz.
7:08 of 1st period - Shot Misses the Net.
7:24 of 1st period - Wrist shot by Mathew Barzal.
7:24 of 1st period - Shot Misses the Net.
7:26 of 1st period - Slapshot by Brandon Montour.
7:26 of 1st period - Deflect By Lucas Raymond.
7:26 of 1st period - Shot Blocked by Marc-Edouard Vlasic.
7:26 of 1st period - Puck is out of play.
7:27 of 1st period - Matty Beniers wins face-off versus Vladislav Namestnikov in Vegas Golden Knights zone.
7:46 of 1st period - Wrist shot by Zach Parise.
7:46 of 1st period - Stopped by Chris Driedger without a rebound.
7:47 of 1st period - Jordan Staal wins face-off versus Ryan Nugent-Hopkins in Winnipeg Jets zone.
7:51 of 1st period - Icing by Dante Fabbro.
7:52 of 1st period - Jordan Staal wins face-off versus Connor McDavid in Winnipeg Jets zone.
8:41 of 1st period - Wrist shot by Joe Pavelski.
8:41 of 1st period - Shot Misses the Net.
8:49 of 1st period - Snap shot by Tom Wilson.
8:49 of 1st period - Shot Misses the Net.
8:51 of 1st period - Slapshot by Marc Staal.
8:51 of 1st period - Shot Blocked by Joe Pavelski.
8:53 of 1st period - Slapshot by Andrew Peeke.
8:53 of 1st period - Shot Misses the Net.
8:55 of 1st period - Slapshot by Jordan Staal.
8:55 of 1st period - Stopped by Chris Driedger with a rebound.
8:57 of 1st period - Slapshot by Marc Staal.
8:57 of 1st period - Stopped by Chris Driedger without a rebound.
8:58 of 1st period - Nick Suzuki wins face-off versus Anthony Cirelli in Winnipeg Jets zone.
9:14 of 1st period - Off-side.
9:15 of 1st period - Vladislav Namestnikov wins face-off versus Matty Beniers in neutral zone.
9:26 of 1st period - Wrist shot by Mathew Barzal.
9:26 of 1st period - Shot Misses the Net.
9:42 of 1st period - Snap shot by Nick Suzuki.
9:42 of 1st period - Shot Misses the Net.
9:48 of 1st period - Nick Suzuki is hit by Anthony Cirelli.
10:11 of 1st period - Slapshot by Colin White.
10:11 of 1st period - Stopped by Chris Driedger with a rebound.
10:13 of 1st period - Minor Penalty to Andrew Cogliano for Holding.
10:14 of 1st period - Barclay Goodrow wins face-off versus Colin White in Winnipeg Jets zone.
10:39 of 1st period - Kevin Shattenkirk is hit by Jaden Schwartz.
11:07 of 1st period - Calen Addison is hit by John Marino.
11:43 of 1st period - Kevin Shattenkirk is hit by Colin White and loses puck.
12:13 of 1st period - Penalty to Andrew Cogliano is over, Andrew Cogliano is back on ice.
12:51 of 1st period - Snap shot by Mark Stone.
12:51 of 1st period - Stopped by Casey DeSmith without a rebound.
12:52 of 1st period - Jordan Staal wins face-off versus Nick Suzuki in Vegas Golden Knights zone.
13:17 of 1st period - John Klingberg is hit by Andrew Peeke and loses puck.
13:30 of 1st period - Dante Fabbro is hit by Rickard Rakell and loses puck.
13:44 of 1st period - Off-side.
13:45 of 1st period - Colin White wins face-off versus Matty Beniers in neutral zone.
13:48 of 1st period - Wrist shot by Colin White.
13:48 of 1st period - Shot Misses the Net.
13:50 of 1st period - Snap shot by Andrew Peeke.
13:50 of 1st period - Shot Blocked by Brandon Montour.
14:19 of 1st period - Snap shot by Lucas Raymond.
14:19 of 1st period - Stopped by Casey DeSmith with a rebound.
14:38 of 1st period - Snap shot by Mathew Barzal.
14:38 of 1st period - Stopped by Casey DeSmith with a rebound.
14:40 of 1st period - Wrist shot by Lucas Raymond.
14:40 of 1st period - Stopped by Casey DeSmith with a rebound.
14:42 of 1st period - Wrist shot by Lucas Raymond.
14:42 of 1st period - Shot Blocked by John Marino.
14:44 of 1st period - Wrist shot by Mathew Barzal.
14:44 of 1st period - Goal by Mathew Barzal - Winnipeg Jets : 2 - Vegas Golden Knights : 0.
14:45 of 1st period - Connor McDavid wins face-off versus Artemi Panarin in neutral zone.
16:47 of 1st period - Dante Fabbro is hit by Michael Rasmussen and loses puck.
16:54 of 1st period - Snap shot by Vladislav Namestnikov.
16:54 of 1st period - Stopped by Chris Driedger without a rebound.
16:55 of 1st period - Jordan Staal wins face-off versus Joe Pavelski in Winnipeg Jets zone.
16:56 of 1st period - Snap shot by Artemi Panarin.
16:56 of 1st period - Shot Blocked by Brandon Montour.
16:58 of 1st period - Slapshot by Andrew Peeke.
16:58 of 1st period - Deflect By Artemi Panarin.
16:58 of 1st period - Shot Misses the Net.
16:58 of 1st period - Puck is out of play.
16:59 of 1st period - Connor McDavid wins face-off versus Jordan Staal in Winnipeg Jets zone.
17:30 of 1st period - Snap shot by Anthony Cirelli.
17:30 of 1st period - Deflect By Brandon Montour.
17:30 of 1st period - Goal by Anthony Cirelli - Winnipeg Jets : 2 - Vegas Golden Knights : 1.
17:31 of 1st period - Nick Suzuki wins face-off versus Artemi Panarin in neutral zone.
17:40 of 1st period - Slapshot by Mark Stone.
17:40 of 1st period - Stopped by Casey DeSmith without a rebound.
17:41 of 1st period - Jordan Staal wins face-off versus Nick Suzuki in Vegas Golden Knights zone.
17:46 of 1st period - Snap shot by Tom Wilson.
17:46 of 1st period - Stopped by Chris Driedger with a rebound.
18:11 of 1st period - Slapshot by Artemi Panarin.
18:11 of 1st period - Shot Blocked by Kevin Shattenkirk.
19:07 of 1st period - Brandon Montour is hit by Tom Wilson and loses puck.
Goals for this period are 2 for Winnipeg Jets vs 1 for Vegas Golden Knights.
Shots for this period are 9 for Winnipeg Jets vs 10 for Vegas Golden Knights.
2nd period
0:01 of 2nd period - Connor McDavid wins face-off versus Anthony Cirelli in neutral zone.
0:04 of 2nd period - Wrist shot by Ryan Nugent-Hopkins.
0:04 of 2nd period - Shot Blocked by P.K. Subban.
0:10 of 2nd period - Wrist shot by Jaden Schwartz.
0:10 of 2nd period - Stopped by Chris Driedger with a rebound.
0:16 of 2nd period - Snap shot by Rickard Rakell.
0:16 of 2nd period - Shot Misses the Net.
0:36 of 2nd period - Slapshot by Tom Wilson.
0:36 of 2nd period - Stopped by Chris Driedger with a rebound.
0:48 of 2nd period - Snap shot by Eeli Tolvanen.
0:48 of 2nd period - Stopped by Casey DeSmith with a rebound.
0:50 of 2nd period - Snap shot by Barclay Goodrow.
0:50 of 2nd period - Shot Misses the Net.
0:52 of 2nd period - Slapshot by Barclay Goodrow.
0:52 of 2nd period - Shot Misses the Net.
0:54 of 2nd period - Slapshot by Calen Addison.
0:54 of 2nd period - Shot Blocked by Marc Staal.
0:56 of 2nd period - Wrist shot by Andrew Cogliano.
0:56 of 2nd period - Goal by Andrew Cogliano - Winnipeg Jets : 3 - Vegas Golden Knights : 1.
0:57 of 2nd period - Anthony Cirelli wins face-off versus Connor McDavid in neutral zone.
1:00 of 2nd period - John Klingberg is hit by Anthony Cirelli and loses puck.
1:24 of 2nd period - John Klingberg is hit by Brian Dumoulin and loses puck.
1:51 of 2nd period - Snap shot by Connor McDavid.
1:51 of 2nd period - Shot Misses the Net.
2:13 of 2nd period - Wrist shot by Joe Pavelski.
2:13 of 2nd period - Shot Misses the Net.
2:29 of 2nd period - Slapshot by Mathew Barzal.
2:29 of 2nd period - Stopped by Casey DeSmith with a rebound.
3:14 of 2nd period - Kevin Shattenkirk is hit by Jordan Staal and loses puck.
3:27 of 2nd period - Slapshot by Rickard Rakell.
3:27 of 2nd period - Shot Misses the Net.
3:29 of 2nd period - Wrist shot by Jaden Schwartz.
3:29 of 2nd period - Shot Misses the Net.
3:31 of 2nd period - Wrist shot by Anthony Cirelli.
3:31 of 2nd period - Shot Hit the Post.
3:49 of 2nd period - Mark Stone is hit by Colin White.
3:55 of 2nd period - Wrist shot by Nick Suzuki.
3:55 of 2nd period - Stopped by Casey DeSmith without a rebound.
3:56 of 2nd period - Barclay Goodrow wins face-off versus Jordan Staal in Vegas Golden Knights zone.
3:57 of 2nd period - Slapshot by Eeli Tolvanen.
3:57 of 2nd period - Shot Misses the Net.
4:23 of 2nd period - Mathew Barzal is hit by Jaden Schwartz and loses puck.
4:32 of 2nd period - Snap shot by Mathew Barzal.
4:32 of 2nd period - Shot Blocked by Jaden Schwartz.
4:34 of 2nd period - Snap shot by Lucas Raymond.
4:34 of 2nd period - Stopped by Casey DeSmith with a rebound.
5:39 of 2nd period - Wrist shot by Tom Wilson.
5:39 of 2nd period - Stopped by Chris Driedger without a rebound.
5:40 of 2nd period - Anthony Cirelli wins face-off versus Ryan Nugent-Hopkins in Winnipeg Jets zone.
5:52 of 2nd period - Icing by Mark Borowiecki.
5:53 of 2nd period - Ryan Nugent-Hopkins wins face-off versus Anthony Cirelli in Winnipeg Jets zone.
7:10 of 2nd period - Wrist shot by Lucas Raymond.
7:10 of 2nd period - Shot Misses the Net.
7:22 of 2nd period - Brian Dumoulin is hit by Matty Beniers and loses puck.
7:31 of 2nd period - Slapshot by John Marino.
7:31 of 2nd period - Shot Blocked by Dante Fabbro.
7:55 of 2nd period - Slapshot by Lucas Raymond.
7:55 of 2nd period - Stopped by Casey DeSmith without a rebound.
7:56 of 2nd period - Jaden Schwartz wins face-off versus Nick Suzuki in Vegas Golden Knights zone.
7:56 of 2nd period - Jaden Schwartz is hit by Nick Suzuki.
8:09 of 2nd period - Anthony Cirelli is hit by Mark Borowiecki and loses puck.
8:45 of 2nd period - Slapshot by Tyler Toffoli.
8:45 of 2nd period - Stopped by Casey DeSmith with a rebound.
9:19 of 2nd period - Ryan Nugent-Hopkins is hit by Michael Rasmussen and loses puck.
9:25 of 2nd period - Off-side.
9:26 of 2nd period - Anthony Cirelli wins face-off versus Matty Beniers in neutral zone.
9:29 of 2nd period - Snap shot by Rickard Rakell.
9:29 of 2nd period - Stopped by Chris Driedger with a rebound.
10:02 of 2nd period - Icing by Artemi Panarin.
10:03 of 2nd period - Nick Suzuki wins face-off versus Jordan Staal in Vegas Golden Knights zone.
10:22 of 2nd period - Snap shot by Tom Wilson.
10:22 of 2nd period - Stopped by Chris Driedger without a rebound.
10:23 of 2nd period - Anthony Cirelli wins face-off versus Connor McDavid in Winnipeg Jets zone.
11:49 of 2nd period - Snap shot by Vladislav Namestnikov.
11:49 of 2nd period - Deflect By Michael Rasmussen.
11:49 of 2nd period - Shot Misses the Net.
11:49 of 2nd period - Puck is out of play.
11:50 of 2nd period - Anthony Cirelli wins face-off versus Matty Beniers in Winnipeg Jets zone.
11:53 of 2nd period - Slapshot by Anthony Cirelli.
11:53 of 2nd period - Shot Misses the Net.
11:55 of 2nd period - Slapshot by Brian Dumoulin.
11:55 of 2nd period - Goal by Brian Dumoulin - Winnipeg Jets : 3 - Vegas Golden Knights : 2.
11:56 of 2nd period - Anthony Cirelli wins face-off versus Connor McDavid in neutral zone.
12:10 of 2nd period - Slapshot by Connor McDavid.
12:10 of 2nd period - Stopped by Casey DeSmith with a rebound.
12:12 of 2nd period - Slapshot by John Klingberg.
12:12 of 2nd period - Stopped by Casey DeSmith without a rebound.
12:13 of 2nd period - Matty Beniers wins face-off versus Jordan Staal in Vegas Golden Knights zone.
12:16 of 2nd period - Snap shot by Mathew Barzal.
12:16 of 2nd period - Deflect By Matty Beniers.
12:16 of 2nd period - Shot Blocked by Artemi Panarin.
12:16 of 2nd period - Puck is out of play.
12:17 of 2nd period - Matty Beniers wins face-off versus Jordan Staal in Vegas Golden Knights zone.
12:56 of 2nd period - Snap shot by Rickard Rakell.
12:56 of 2nd period - Shot Misses the Net.
12:58 of 2nd period - Slapshot by John Marino.
12:58 of 2nd period - Stopped by Chris Driedger with a rebound.
13:12 of 2nd period - Slapshot by Colin White.
13:12 of 2nd period - Stopped by Chris Driedger without a rebound.
13:13 of 2nd period - Colin White wins face-off versus Nick Suzuki in Winnipeg Jets zone.
13:26 of 2nd period - Snap shot by Mark Stone.
13:26 of 2nd period - Shot Blocked by Marc Staal.
13:38 of 2nd period - Anthony Cirelli is hit by Mathew Barzal and loses puck.
13:47 of 2nd period - Snap shot by Mathew Barzal.
13:47 of 2nd period - Shot Blocked by Marc Staal.
14:56 of 2nd period - Snap shot by Nick Suzuki.
14:56 of 2nd period - Stopped by Casey DeSmith without a rebound.
14:56 of 2nd period - Minor Penalty to Casey DeSmith for Slashing.
14:57 of 2nd period - Jordan Staal wins face-off versus Connor McDavid in Vegas Golden Knights zone.
15:30 of 2nd period - Slapshot by Nick Suzuki.
15:30 of 2nd period - Goal by Nick Suzuki - Winnipeg Jets : 4 - Vegas Golden Knights : 2.
15:31 of 2nd period - Anthony Cirelli wins face-off versus Connor McDavid in neutral zone.
15:34 of 2nd period - Wrist shot by Jaden Schwartz.
15:34 of 2nd period - Stopped by Chris Driedger with a rebound.
15:58 of 2nd period - John Marino is hit by Kevin Shattenkirk.
17:18 of 2nd period - John Marino is hit by Andrew Cogliano and loses puck.
18:13 of 2nd period - Snap shot by Connor McDavid.
18:13 of 2nd period - Shot Misses the Net.
18:15 of 2nd period - Wrist shot by Connor McDavid.
18:15 of 2nd period - Shot Misses the Net.
18:17 of 2nd period - Wrist shot by Kevin Shattenkirk.
18:17 of 2nd period - Shot Blocked by Marc Staal.
18:50 of 2nd period - Snap shot by Tom Wilson.
18:50 of 2nd period - Shot Blocked by Tyler Toffoli.
18:52 of 2nd period - Slapshot by Jordan Staal.
18:52 of 2nd period - Shot Misses the Net.
19:12 of 2nd period - Slapshot by Mathew Barzal.
19:12 of 2nd period - Stopped by Casey DeSmith with a rebound.
19:14 of 2nd period - Wrist shot by Mathew Barzal.
19:14 of 2nd period - Shot Misses the Net.
19:21 of 2nd period - Icing by Anthony Cirelli.
19:22 of 2nd period - Connor McDavid wins face-off versus Victor Olofsson in Vegas Golden Knights zone.
19:33 of 2nd period - Off-side.
19:34 of 2nd period - Jordan Staal wins face-off versus Connor McDavid in neutral zone.
19:37 of 2nd period - Snap shot by Artemi Panarin.
19:37 of 2nd period - Shot Blocked by Kevin Shattenkirk.
19:39 of 2nd period - Snap shot by Tom Wilson.
19:39 of 2nd period - Stopped by Chris Driedger with a rebound.
Goals for this period are 2 for Winnipeg Jets vs 1 for Vegas Golden Knights.
Shots for this period are 12 for Winnipeg Jets vs 10 for Vegas Golden Knights.
3rd period
0:01 of 3rd period - Jordan Staal wins face-off versus Tyler Toffoli in neutral zone.
0:26 of 3rd period - Jaden Schwartz is hit by Calen Addison and loses puck.
0:55 of 3rd period - Snap shot by Mathew Barzal.
0:55 of 3rd period - Shot Misses the Net.
0:57 of 3rd period - Slapshot by Dante Fabbro.
0:57 of 3rd period - Deflect By John Marino.
0:57 of 3rd period - Goal by Dante Fabbro - Winnipeg Jets : 5 - Vegas Golden Knights : 2.
0:57 of 3rd period - Philipp Grubauer enters game.
0:58 of 3rd period - Nick Suzuki wins face-off versus Jordan Staal in neutral zone.
1:02 of 3rd period - Minor Penalty to Artemi Panarin for Roughing.
1:03 of 3rd period - Jordan Staal wins face-off versus Mark Stone in Vegas Golden Knights zone.
1:03 of 3rd period - Jordan Staal is hit by Tyler Toffoli.
2:09 of 3rd period - Anthony Cirelli is hit by Connor McDavid and loses puck.
2:24 of 3rd period - Tyler Toffoli is hit by Andrew Peeke.
2:46 of 3rd period - Ryan Nugent-Hopkins is hit by Marc Staal and loses puck.
2:59 of 3rd period - Anthony Cirelli is hit by Mark Stone.
3:02 of 3rd period - Penalty to Artemi Panarin is over, Artemi Panarin is back on ice.
3:11 of 3rd period - Snap shot by Barclay Goodrow.
3:11 of 3rd period - Deflect By Anthony Cirelli.
3:11 of 3rd period - Stopped by Philipp Grubauer with a rebound.
3:13 of 3rd period - Slapshot by Calen Addison.
3:13 of 3rd period - Stopped by Philipp Grubauer with a rebound.
3:15 of 3rd period - Snap shot by Andrew Cogliano.
3:15 of 3rd period - Stopped by Philipp Grubauer with a rebound.
3:17 of 3rd period - Slapshot by Barclay Goodrow.
3:17 of 3rd period - Stopped by Philipp Grubauer with a rebound.
3:39 of 3rd period - Marc Staal is hit by Lucas Raymond and loses puck.
4:37 of 3rd period - Wrist shot by Rickard Rakell.
4:37 of 3rd period - Stopped by Chris Driedger without a rebound.
4:38 of 3rd period - Anthony Cirelli wins face-off versus Nick Suzuki in Winnipeg Jets zone.
4:41 of 3rd period - Snap shot by Anthony Cirelli.
4:41 of 3rd period - Shot Blocked by Kevin Shattenkirk.
4:57 of 3rd period - Artemi Panarin is hit by Joe Pavelski and loses puck.
5:26 of 3rd period - Snap shot by Lucas Raymond.
5:26 of 3rd period - Shot Misses the Net.
5:28 of 3rd period - Slapshot by Kevin Shattenkirk.
5:28 of 3rd period - Goal by Kevin Shattenkirk - Winnipeg Jets : 6 - Vegas Golden Knights : 2.
5:29 of 3rd period - Jordan Staal wins face-off versus Connor McDavid in neutral zone.
5:35 of 3rd period - Minor Penalty to Dante Fabbro for Hooking.
5:36 of 3rd period - Colin White wins face-off versus Nick Suzuki in Winnipeg Jets zone.
6:39 of 3rd period - Icing by John Marino.
6:40 of 3rd period - Colin White wins face-off versus Andrew Cogliano in Vegas Golden Knights zone.
6:45 of 3rd period - Slapshot by Victor Olofsson.
6:45 of 3rd period - Goal by Victor Olofsson - Winnipeg Jets : 6 - Vegas Golden Knights : 3.
6:46 of 3rd period - Connor McDavid wins face-off versus Jordan Staal in neutral zone.
6:58 of 3rd period - Minor Penalty to Joe Pavelski for Interference.
6:59 of 3rd period - Nick Suzuki wins face-off versus Colin White in Winnipeg Jets zone.
7:12 of 3rd period - Snap shot by Tom Wilson.
7:12 of 3rd period - Goal by Tom Wilson - Winnipeg Jets : 6 - Vegas Golden Knights : 4.
7:13 of 3rd period - Jordan Staal wins face-off versus Joe Pavelski in neutral zone.
7:27 of 3rd period - Minor Penalty to Connor McDavid for Holding.
7:28 of 3rd period - Nick Suzuki wins face-off versus Colin White in Winnipeg Jets zone.
7:41 of 3rd period - Kevin Shattenkirk is hit by Jaden Schwartz and loses puck.
9:27 of 3rd period - Penalty to Connor McDavid is over, Connor McDavid is back on ice.
11:03 of 3rd period - Mathew Barzal is hit by Zach Parise and loses puck.
11:16 of 3rd period - Brandon Montour is hit by Artemi Panarin and loses puck.
11:22 of 3rd period - Minor Penalty to Andrew Peeke for Holding Stick.
11:23 of 3rd period - Jordan Staal wins face-off versus Nick Suzuki in Vegas Golden Knights zone.
11:33 of 3rd period - John Marino is hit by Tyler Toffoli and loses puck.
11:56 of 3rd period - Snap shot by Connor McDavid.
11:56 of 3rd period - Shot Misses the Net.
13:22 of 3rd period - Penalty to Andrew Peeke is over, Andrew Peeke is back on ice.
13:36 of 3rd period - Victor Olofsson is hit by Mark Borowiecki and loses puck.
13:57 of 3rd period - Jaden Schwartz is hit by Andrew Cogliano.
14:49 of 3rd period - Slapshot by Artemi Panarin.
14:49 of 3rd period - Stopped by Chris Driedger with a rebound.
15:05 of 3rd period - Brandon Montour is hit by Andreas Johnsson and loses puck.
16:03 of 3rd period - Snap shot by Tom Wilson.
16:03 of 3rd period - Stopped by Chris Driedger with a rebound.
16:17 of 3rd period - Slapshot by Connor McDavid.
16:17 of 3rd period - Stopped by Philipp Grubauer without a rebound.
16:18 of 3rd period - Connor McDavid wins face-off versus Vladislav Namestnikov in Vegas Golden Knights zone.
17:27 of 3rd period - Minor Penalty to Michael Rasmussen for Hooking.
17:28 of 3rd period - Nick Suzuki wins face-off versus Jordan Staal in Vegas Golden Knights zone.
17:34 of 3rd period - Wrist shot by Mark Stone.
17:34 of 3rd period - Deflect By Nick Suzuki.
17:34 of 3rd period - Goal by Nick Suzuki - Winnipeg Jets : 7 - Vegas Golden Knights : 4.
17:35 of 3rd period - Artemi Panarin wins face-off versus Connor McDavid in neutral zone.
17:38 of 3rd period - Backhand shot by Andrew Peeke.
17:38 of 3rd period - Stopped by Chris Driedger with a rebound.
17:40 of 3rd period - Snap shot by Jordan Staal.
17:40 of 3rd period - Shot Misses the Net.
17:42 of 3rd period - Wrist shot by Artemi Panarin.
17:42 of 3rd period - Shot Misses the Net.
17:44 of 3rd period - Snap shot by Tom Wilson.
17:44 of 3rd period - Shot Misses the Net.
17:48 of 3rd period - Wrist shot by Tom Wilson.
17:48 of 3rd period - Shot Misses the Net.
17:50 of 3rd period - Slapshot by Artemi Panarin.
17:50 of 3rd period - Stopped by Chris Driedger without a rebound.
17:51 of 3rd period - Jaden Schwartz wins face-off versus Tyler Toffoli in Winnipeg Jets zone.
18:18 of 3rd period - Mark Stone is hit by Vladislav Namestnikov and loses puck.
18:23 of 3rd period - Snap shot by Michael Rasmussen.
18:23 of 3rd period - Shot Misses the Net.
18:30 of 3rd period - Off-side.
18:31 of 3rd period - Jordan Staal wins face-off versus Connor McDavid in neutral zone.
18:34 of 3rd period - Ryan Nugent-Hopkins is hit by Jordan Staal and loses puck.
18:45 of 3rd period - Wrist shot by Tom Wilson.
18:45 of 3rd period - Shot Blocked by Joe Pavelski.
18:47 of 3rd period - Wrist shot by Artemi Panarin.
18:47 of 3rd period - Shot Misses the Net.
19:03 of 3rd period - Minor Penalty to Brandon Montour for Hooking.
19:04 of 3rd period - Colin White wins face-off versus Nick Suzuki in Winnipeg Jets zone.
19:42 of 3rd period - Slapshot by Jaden Schwartz.
19:42 of 3rd period - Stopped by Chris Driedger without a rebound.
19:43 of 3rd period - Nick Suzuki wins face-off versus Rickard Rakell in Winnipeg Jets zone.
19:52 of 3rd period - Slapshot by Victor Olofsson.
19:52 of 3rd period - Stopped by Chris Driedger with a rebound.
19:54 of 3rd period - Snap shot by Vladislav Namestnikov.
19:54 of 3rd period - Shot Misses the Net.
19:58 of 3rd period - Backhand shot by Rickard Rakell.
19:58 of 3rd period - Deflect By Andreas Johnsson.
19:58 of 3rd period - Stopped by Chris Driedger without a rebound.
19:59 of 3rd period - Nick Suzuki wins face-off versus Colin White in Winnipeg Jets zone.
19:59 of 3rd period - Nick Suzuki is hit by Colin White.
Goals for this period are 3 for Winnipeg Jets vs 2 for Vegas Golden Knights.
Shots for this period are 8 for Winnipeg Jets vs 10 for Vegas Golden Knights.
Back to the Top